 Dungeon Crawl Stone Soup version 0.25.0-9-g26727b657a (webtiles) character file.

Game seed: 4101121456952412296

168 FNK404 the Chopper (level 5, 0/42 HPs)
             Began as a Human Berserker on June 17, 2020.
             Was a Believer of Trog.
             Slain by an ogre
             ... wielding a +0 giant club
              (12 damage)
             ... on level 4 of the Dungeon.
             The game lasted 00:18:41 (4776 turns).

FNK404 the Chopper (Human Berserker)                Turns: 4776, Time: 00:18:42

Health: 0/42       AC:  3    Str: 18    XL:     5   Next: 77%
Magic:  5/5        EV: 16    Int:  7    God:    Trog [**....]
Gold:   132        SH:  0    Dex: 13    Spells: 4/4 levels left

rFire    . . .     SeeInvis .   a - +0 hand axe
rCold    . . .     Gourm    .   (no shield)
rNeg     . . .     Faith    .   b - +1 animal skin
rPois    .         Spirit   .   (no helmet)
rElec    .         Reflect  .   (no cloak)
rCorr    .         Harm     .   (no gloves)
MR       +....                  (no boots)
Stlth    +.........             (no amulet)
HPRegen  0.14/turn              l - ring of protection from magic
MPRegen  0.09/turn              d - +4 ring of evasion

@: no status effects
A: no striking features
a: Berserk, Trog's Hand, Renounce Religion


You were on level 4 of the Dungeon.
You worshipped Trog.
Trog was pleased with you.
You were not hungry.

You visited 1 branch of the dungeon, and saw 4 of its levels.

You collected 132 gold pieces.

Inventory:

Hand Weapons
 a - a +0 hand axe (weapon)
Armour
 b - a +1 animal skin (worn)
Jewellery
 d - a +4 ring of evasion (right hand)
 f - an uncursed ring of wizardry
 l - a ring of protection from magic (left hand)
Scrolls
 e - 2 scrolls of magic mapping
 g - a scroll of enchant armour
 k - a scroll of identify
Potions
 i - a potion of mutation {unknown}
 m - 3 potions of might {unknown}
Comestibles
 c - 9 rations


   Skills:
 + Level 4.1 Fighting
 + Level 4.6 Axes
 * Level 3.0 Armour
 - Level 2.1 Dodging


You had 4 spell levels left.
You didn't know any spells.
Your spell library was empty.

Dungeon Overview and Level Annotations

Branches:
Dungeon (4/15)
 Temple: D:4-7

Altars:
Fedhas
Kikubaaqudgha

Annotations:
D:3 po7itron's ghost, amateur DsGl


Message History

You closely miss po7itron's ghost.
Po7itron's ghost is severely damaged.
Po7itron's ghost hits you.
* * * LOW HITPOINT WARNING * * *
Po7itron's ghost wails, "I have seen your future, and it is all used up."
It was a potion of haste.
You feel yourself speed up.
Po7itron's ghost whispers, "Meet the emptiness of death!"
Po7itron's ghost closely misses you.
Po7itron's ghost laughs, "And you think you're capable of finding the ORB?
I had it, you know.
Then I gave it away so I could steal it AGAIN."
There is a stone staircase leading down here.
You climb downwards.
There is a stone staircase leading up here.
Your extra speed is starting to run out.
You feel yourself slow down.
An ogre comes into view. It is wielding a +0 giant club.
The ogre shouts!
You hear an angry hiss.
The ogre hits you with a +0 giant club!
* * * LOW HITPOINT WARNING * * *
The ogre hits you with a +0 giant club!
You die...

# ###### .#
#....#..#.#
#..........
#..@O..#
#..........
#....#.#...
###### .. .
#.. .


You could see an ogre.

Vanquished Creatures
  A wyvern zombie (D:2)
  A gnoll (D:1)
  4 adders
  An ooze (D:1)
  A dart slug (D:1)
  3 leopard geckos
  4 orcs (D:3)
  5 bats
  4 giant cockroaches
  5 goblins
  7 hobgoblins
  6 kobolds
  3 ball pythons
  4 frilled lizards
  5 rats
54 creatures vanquished.

Notes
Turn   | Place    | Note
-------+----------+-------------------------------------------
     0 | D:1      | FNK404 the Human Berserker began the quest for the Orb.
     0 | D:1      | Reached XP level 1. HP: 18/18 MP: 1/1
   431 | D:1      | Reached XP level 2. HP: 12/24 MP: 2/2
   600 | D:1      | HP: 1/24 [kobold/+2 short sword of electrocution (18)]
  1364 | D:1      | Reached XP level 3. HP: 29/29 MP: 3/3
  1586 | D:1      | Reached ** piety under Trog
  1813 | D:1      | Reached XP level 4. HP: 36/36 MP: 4/4
  3289 | D:2      | Reached XP level 5. HP: 17/42 MP: 5/5
  3591 | D:3      | Found a runed translucent door.
  3591 | D:3      | Noticed po7itron's ghost (amateur DsGl)
  3605 | D:3      | Found a blossoming altar of Fedhas.
  3647 | D:3      | Found an ancient bone altar of Kikubaaqudgha.
  4771 | D:4      | Noticed an ogre
  4776 | D:4      | Slain by an ogre

Illustrated notes

Levels and vault maps discovered:
D:1:      nicolae_arrival_somewhat_less_tricky_arrival, layout_loops_ring
D:2:      layout_basic, first_ration
D:3:      layout_basic, nicolae_overflow_crystal_walls,
          ebering_ghost_inner_flame, chequers_jeans, fedhas_altar_1
D:4:      layout_rooms, nicolae_gozag_zags_fifth_avenue, serial_shops,
          nicolae_shop_waterfront, minmay_quantized, uniq_edmund

Skill      XL: |  1  2  3  4  5 |
---------------+----------------+-----
Fighting       | 4 |  4.1
Axes           | 4 |  4.6
Armour         | 3 |  3.0
Dodging        | |  2.1

Action                   |  1- 3 |  4- 6 || total
-------------------------+-------+-------++-------
Melee: Hand axe          |    96 |   109 ||   205
  Use: Scroll            |     2 |     8 ||    10
       Potion            |     1 |     3 ||     4
 Stab: Sleeping          |     1 |     3 ||     4
  Eat: Chunk             |     2 |     4 ||     6
       Ration            |       |     3 ||     3
Armor: Animal skin       |    18 |     7 ||    25
Dodge: Dodged            |    77 |    79 ||   156
